 Dungeon Crawl Stone Soup version 0.29-a0-97-g88c9fad16d (webtiles) character file.

Game seed: 8345287797494492393

28 drugrobin the Poker (level 2, 24/24 HPs)
             Began as a Demigod Warper on Feb 13, 2022.
             Quit the game on level 2 of the Dungeon.
             The game lasted 00:01:50 (1462 turns).

drugrobin the Poker (Demigod Warper)                Turns: 1462, Time: 00:01:51

Health: 24/24      AC:  3    Str: 12    XL:     2   Next: 75%
Magic:  7/7        EV: 11    Int: 15    God:
Gold:   59         SH:  0    Dex: 13    Spells: 4/4 levels left

rFire   . . .      SeeInvis .   a - +0 spear
rCold   . . .      Faith    .   (no shield)
rNeg    . . .      Spirit   .   b - +0 leather armour
rPois   .          Reflect  .   (no helmet)
rElec   .          Harm     .   (no cloak)
rCorr   .          Rampage  .   (no gloves)
Will    .....                   (no boots)
Stlth   +.........              (no amulet)
HPRegen 0.08/turn               l - +4 ring of slaying
MPRegen 0.10/turn               (no ring)

@: no status effects
A: high MP 1, forlorn, divine attributes
a: no special abilities


You were on level 2 of the Dungeon.
You visited 1 branch of the dungeon, and saw 2 of its levels.

You collected 59 gold pieces.

Inventory:

Hand Weapons
 a - a +0 spear (weapon)
Missiles
 d - 5 boomerangs of dispersal
 f - 46 stones (quivered)
 g - 74 bolts
 j - 59 arrows
Armour
 b - a +0 leather armour (worn)
Jewellery
 l - a +4 ring of slaying (left hand)
Scrolls
 c - a scroll of blinking
 e - a scroll of brand weapon {unknown}
 h - 3 scrolls of identify {unknown}
 k - a scroll of teleportation {unknown}
 m - a scroll of vulnerability {unknown}
Potions
 i - a potion of mutation {unknown}


   Skills:
 - Level 1.7 Fighting
 + Level 3.2 Polearms
 - Level 0.8 Throwing
 - Level 0.8 Armour
 - Level 1.7 Dodging
 - Level 1.7 Spellcasting
 - Level 2.6 Translocations


You had 4 spell levels left.
You didn't know any spells.
Your spell library contained the following spells:

 Spells                   Type           Power      Damage    Failure   Level
 Blink                    Tloc           18%        N/A       14%         2
 Gell's Gravitas          Tloc           9%         N/A       28%         3
 Lesser Beckoning         Tloc           9%         N/A       28%         3
 Teleport Other           Tloc           9%         N/A       28%         3
 Manifold Assault         Tloc           9%         N/A       95%         5


Dungeon Overview and Level Annotations

Branches:
Dungeon (2/15)


Innate Abilities, Weirdness & Mutations

You have an increased reservoir of magic. (+10% MP)
You shall have no god before yourself.
Your divine heritage dramatically boosts your attributes as you level up.


Message History

Press: ? - help, Q - select action, (/) - cycle Shift-Dir - straight line, f/p - kobold
Aim: a kobold, wielding a +0 whip (47% to hit)
You throw a stone. The stone closely misses the kobold.
Unknown command.
Unknown command.
Reach: a) +0 spear
Press: ? - help, Dir - move target, f/p - kobold
Aim: a kobold, wielding a +0 whip (about 47% to evade your +0 spear)
You reach to attack!
You hit the kobold.
You kill the kobold!
Unknown command.
Things that are here:
a +0 whip; a kobold corpse
f - 46 stones (gained 1)
Things that are here:
a +0 whip; a kobold corpse
There is an open door here.
As you open the door, it creaks loudly!
There is an open door here.
You now have 56 gold pieces (gained 10).
You see here a +0 short sword.
Done exploring.
l - a +4 ring of slaying (left hand) Done exploring.
Done exploring.
Done exploring.
Done exploring.
There is a stone staircase leading down here.
You climb downwards.
Found 3 gold pieces and a ring mail.
There is a stone staircase leading up here.
Unknown command.
Unknown command.
You now have 59 gold pieces (gained 3).
Found a glowing falchion.
j - 59 arrows (gained 25)
You open the door.
There is an open door here.
m - a scroll labelled JEIMIRIENNO Are you sure you want to abandon this character and quit the game? (Confirm with "yes".)

###.# #.# #....
..# #.#.###..##
#.#.#.....
#.#.#.#..#
#.#.#.#..#
#@#.#.#..#
#........#
#####.#### #.# #+#
#####.##### ##...
#.........# ##....
#.###..##.###.....
##...#.##......
#.......'......


There were no monsters in sight!

Vanquished Creatures
  4 bats (D:1)
  2 endoplasms (D:1)
  A giant cockroach (D:1)
  3 goblins (D:1)
  4 hobgoblins (D:1)
  2 ball pythons (D:1)
  4 kobolds (D:1)
  5 rats (D:1)
25 creatures vanquished.

Notes
Turn   | Place    | Note
-------+----------+-------------------------------------------
     0 | D:1      | drugrobin the Demigod Warper began the quest for the Orb.
     0 | D:1      | Reached XP level 1. HP: 17/17 MP: 5/5
    35 | D:1      | Reached skill level 2 in Polearms
   463 | D:1      | Reached XP level 2. HP: 18/24 MP: 7/7
   746 | D:1      | Reached skill level 3 in Polearms
  1462 | D:2      | Quit the game

Illustrated notes

Levels and vault maps discovered:
D:1:      dpeg_arrival_stonehenge_12_columns, layout_basic
D:2:      wander_river, layout_loops_corners, serial_shops, shop, basic_altar,
          uniq_natasha, uniq_robin

Skill      XL: |  1  2 |
---------------+-------+-----
Polearms       | 2 3 |  3.2
Fighting       | |  1.7
Throwing       | |  0.8
Armour         | |  0.8
Dodging        | |  1.7
Spellcasting   | |  1.7
Translocations | |  2.6

Action                   || total
-------------------------++-------
Melee: Spear             ||    94
       Punch             ||     1
Throw: Stone             ||    14
 Stab: Sleeping          ||     1
Armor: Leather armour    ||    22
Dodge: Dodged            ||    42

Table legend: (Time is in decaauts)
 A = Elapsed time spent in this place.
 B = Non-inter-level travel time spent in this place.
 C = Inter-level travel time spent in this place.
 D = Time resting spent in this place.
 E = Time spent auto-exploring this place.
 F = Levels seen in this place.
 G = Mean time per level.
                   A        B        C        D        E       F      G
               +--------+--------+--------+--------+--------+-----+--------+
         Total |   1458 |   1413 |     45 |    168 |   1014 |   2 |  729.0 |
       Dungeon |   1458 |   1413 |     45 |    168 |   1014 |   2 |  729.0 |
               +--------+--------+--------+--------+--------+-----+--------+

Top non-repeatable levels by time:
     D:1: 1410 daAuts
     D:2: 47 daAuts
